 Dungeon Sprint DCSS version 0.23.2-30-g0e89c35649 (webtiles) character file.

Game seed: 9685641081596546258

980 Kobolds4U the Warrior (level 7, -2/124 HPs)
             Began as a Minotaur Berserker on June 11, 2019.
             Was a Priest of Trog.
             Slain by a sun demon (25 damage)
             ... summoned by a kobold demonologist
             ... in the Dungeon (Sprint I: "Red Sonja").
             The game lasted 00:01:43 (432 turns).

Kobolds4U the Warrior (Minotaur Berserker)           Turns: 432, Time: 00:01:44

Health: -2/124     AC:  9    Str: 31      XL:     7   Next: 96%
Magic:  6/6        EV: 14    Int:  4      God:    Trog [***...]
Gold:   140        SH:  0    Dex: 10 (11) Spells: 6/6 levels left

rFire    + . .     SeeInvis .   a - +0 falchion
rCold    . . .     Gourm    .   (no shield)
rNeg     . . .     Faith    .   k - +4 ring mail {rF+}
rPois    .         Spirit   .   (helmet restricted)
rElec    .         Reflect  .   (no cloak)
rCorr    .         Harm     .   (no gloves)
MR       .....     NoTele   +   (no boots)
Stlth    ..........             (no amulet)
HPRegen  0.30/turn              l - +4 ring of strength
MPRegen  0.10/turn              (no ring)

@: berserking, very quick
A: retaliatory headbutt, horns 2
a: Berserk, Trog's Hand, Renounce Religion


You were in the Dungeon.
You worshipped Trog.
Trog was most pleased with you.
You were not hungry.

You visited 1 branch You collected 410 gold pieces.
You spent 270 gold pieces at shops.

Inventory:

Hand Weapons
 a - a +0 falchion (weapon)
Armour
 k - a +4 ring mail of fire resistance (worn)
Jewellery
 l - a +4 ring of strength (left hand)
Scrolls
 i - a scroll of blinking
Potions
 b - a potion of lignification {unknown}
 d - a potion of curing
 e - a potion of heal wounds
 f - a potion of haste
 g - 2 potions of magic
 h - a potion of berserk rage
Comestibles
 c - a ration


   Skills:
 + Level 15.4 Fighting
 + Level 12.0 Long Blades
 - Level 2.4 Armour
 * Level 6.3 Dodging


You had 6 spell levels left.
You didn't know any spells.
Your spell library was empty.

Dungeon Overview and Level Annotations

Branches:
Dungeon (1/1)

Altars:
Cheibriados
Dithmenos
Elyvilon
Fedhas
Gozag
Hepliaklqana
Kikubaaqudgha
Makhleb
Nemelex Xobeh
Okawaru
Qazlal
Ru
Sif Muna
Trog
Uskayaw
Vehumet
Wu Jian
Xom
Yredelemnul
Zin
The Shining One
Jiyva
Lugonu

Shops:
D =


Innate Abilities, Weirdness & Mutations

You reflexively headbutt those who attack you in melee.
You have a pair of horns on your head.


Message History

The sun demon hits you!
You are engulfed in flames!
You resist.
The kobold demonologist barely misses you.
You furiously retaliate!
You headbutt the kobold demonologist! You hit the kobold demonologist.
The kobold demonologist is heavily wounded.
The sun demon hits you!
* * * LOW HITPOINT WARNING * * *
You are engulfed in flames.
You resist.
* * * LOW HITPOINT WARNING * * *
The kobold demonologist gestures wildly while chanting.
A red film seems to cover your vision as you go berserk!
You feel yourself moving faster!
You feel mighty!
You feel a lot more hungry. The sun demon closely misses you.
You furiously retaliate!
You headbutt the sun demon.
The kobold demonologist looks satisfied for a moment.
You miss the kobold demonologist.
Your headbutt misses the kobold demonologist.
The kobold demonologist is heavily wounded.
The sun demon hits you!!
You die...

####################
)..#.)'..#__#..3@..#
#..'..#..'..'..#)K3#
##'#####'#__####...+
#..#...#.#### #####
####..##.#
___##'#_.+
∩...'..._#
.__##_.#'#
___###+#(#


You could see a sun demon, a kobold demonologist and a sixfirhy.

Vanquished Creatures
  A kobold demonologist (D)
  A slime creature (D)
  Sigmund (D)
  A yak (D)
  A floating eye (D)
  An ogre (D)
  A jelly (D)
  Ijyb (D)
8 creatures vanquished.

Vanquished Creatures (others)
  A gargoyle (D)
1 creature vanquished.

Grand Total: 9 creatures vanquished

Notes
Turn   | Place    | Note
-------+----------+-------------------------------------------
     0 | D        | Kobolds4U the Minotaur Berserker began the quest for the
                  | Orb.
     0 | D        | Reached XP level 1. HP: 19/19 MP: 0/0
     1 | D        | Noticed Ijyb
    12 | D        | Killed Ijyb
    12 | D        | Reached skill level 6 in Fighting
    12 | D        | Reached skill level 5 in Long Blades
    12 | D        | Reached XP level 2. HP: 19/31 MP: 1/1
    57 | D        | Killed a gargoyle
   131 | D        | Noticed an ogre
   133 | D        | Killed an ogre
   133 | D        | Reached skill level 9 in Fighting
   133 | D        | Reached XP level 3. HP: 45/45 MP: 2/2
   133 | D        | Reached XP level 4. HP: 51/51 MP: 3/3
   181 | D        | Noticed Sigmund
   193 | D        | Killed Sigmund
   193 | D        | Reached ** piety under Trog
   193 | D        | Reached skill level 12 in Fighting
   193 | D        | Reached XP level 5. HP: 41/62 MP: 4/4
   307 | D        | Found an ornate altar of the Wu Jian Council.
   307 | D        | Found a deep blue altar of Sif Muna.
   309 | D        | Found a radiant altar of Vehumet.
   312 | D        | Reached XP level 6. HP: 65/71 MP: 5/5
   341 | D        | Found Ihethet's Jewellery Emporium.
   341 | D        | Found an ancient bone altar of Kikubaaqudgha.
   341 | D        | Found a hazy altar of Hepliaklqana.
   341 | D        | Found a stormy altar of Qazlal.
   341 | D        | Found a hide-covered altar of Uskayaw.
   341 | D        | Found a blossoming altar of Fedhas.
   341 | D        | Found a bloodstained altar of Trog.
   341 | D        | Found an iron altar of Okawaru.
   341 | D        | Found a basalt altar of Yredelemnul.
   341 | D        | Found a glowing golden altar of the Shining One.
   341 | D        | Found a snail-covered altar of Cheibriados.
   341 | D        | Found a sacrificial altar of Ru.
   341 | D        | Found a glowing silver altar of Zin.
   341 | D        | Found a shadowy altar of Dithmenos.
   341 | D        | Found a white marble altar of Elyvilon.
   341 | D        | Noticed a yak
   348 | D        | Killed a yak
   348 | D        | Reached skill level 13 in Fighting
   348 | D        | Reached skill level 10 in Long Blades
   349 | D        | Found an opulent altar of Gozag.
   350 | D        | Found a sparkling altar of Nemelex Xobeh.
   354 | D        | Bought a +4 ring of strength for 270 gold pieces
   376 | D        | Found a viscous altar of Jiyva.
   376 | D        | Found a corrupted altar of Lugonu.
   376 | D        | Noticed a slime creature
   377 | D        | Found a burning altar of Makhleb.
   377 | D        | Found a shimmering altar of Xom.
   382 | D        | Killed a slime creature
   382 | D        | Reached *** piety under Trog
   382 | D        | Reached skill level 14 in Fighting
   382 | D        | Reached XP level 7. HP: 75/82 MP: 6/6
   420 | D        | Noticed a kobold demonologist
   420 | D        | Noticed a kobold demonologist
   422 | D        | Reached skill level 15 in Fighting
   426 | D        | Noticed a sun demon
   427 | D        | Noticed a sixfirhy
   428 | D        | Killed a kobold demonologist
   431 | D        | Noticed a sixfirhy
   432 | D        | Slain by a sun demon

Skill      XL: |  1  2  3  4  5  6  7 |
---------------+----------------------+-----
Fighting       | 6 9 12 14 15 | 15.4
Long Blades    | 5 7 9 11 12 | 12.0
Dodging        | 6 |  6.3
Armour         | |  2.4

Action                   |  1- 3 |  4- 6 |  7- 9 || total
-------------------------+-------+-------+-------++-------
Melee: Falchion          |    11 |    24 |     9 ||    44
       Headbutt          |     2 |     6 |     7 ||    15
Invok: Berserk           |     1 |       |     1 ||     2
Armor: Ring mail         |       |     3 |     8 ||    11
Dodge: Dodged            |     6 |     8 |     7 ||    21
       Rpst.: Falchion   |     2 |     3 |     1 ||     6
